 Dungeon Crawl Stone Soup version 0.21-a0-536-gdbbf329 (webtiles) character file.

156 slep the Chopper (level 5, 0/58 HPs)
             Began as a Demonspawn Gladiator on Dec 15, 2017.
             Succumbed to Crazy Yiuf's poison
             ... on level 3 of the Dungeon.
             The game lasted 00:05:53 (1813 turns).

slep the Chopper (Demonspawn Gladiator)             Turns: 1813, Time: 00:05:53

Health: 0/58       AC: 22    Str: 16    XL:     5   Next: 15%
Magic:  4/14       EV:  2    Int:  9    God:
Gold:   123        SH:  0    Dex: 14    Spells: 4/4 levels left

rFire    + . .     SeeInvis .   l - +1 hand axe (chop)
rCold    + . .     Gourm    .   (no shield)
rNeg     + + +     Faith    .   (armour currently unavailable)
rPois    +         Spirit   .   (helmet currently unavailable)
rElec    +         Reflect  .   (cloak currently unavailable)
rCorr    +         Harm     .   (gloves currently unavailable)
MR       .....     NoTele   +   (boots currently unavailable)
Stlth    +++.......             (no amulet)
HPRegen  0.19/turn              i - ring of magical power
MPRegen  0.14/turn              (no ring)

@: lethally poisoned (0 -> -4), tree-form, resistant
A: nightstalker 1
a: no special abilities


You were on level 3 of the Dungeon.
You were not hungry.
You were a tree.
You visited 1 branch of the dungeon, and saw 3 of its levels.

You collected 123 gold pieces.

Inventory:

Hand Weapons
 a - a +0 war axe
 l - a +1 hand axe of chopping (weapon)
Missiles
 d - 3 throwing nets (quivered)
Armour
 b - a +0 leather armour
 c - a +0 helmet (melded)
 j - a +2 robe of the Archmagi (melded)
 s - a scarf of spirit shield (melded)
Jewellery
 i - a ring of magical power (left branch)
Scrolls
 e - 5 scrolls of identify {unknown}
 k - a scroll of teleportation {unknown}
 m - a scroll of immolation {unknown}
 o - a scroll of remove curse {unknown}
 t - a scroll of enchant armour {unknown}
 u - a scroll of fear {unknown}
Potions
 p - a potion of lignification
Comestibles
 f - 3 bread rations
 h - 3 fruits
 q - 2 royal jellies
 r - a meat ration


   Skills:
 + Level 2.6 Fighting
 + Level 4.2 Axes
 + Level 1.8 Throwing
 + Level 0.2 Armour
 + Level 3.4 Dodging
 + Level 1.5 Stealth


You had 4 spell levels left.
You didn't know any spells.

Dungeon Overview and Level Annotations

Branches:
Dungeon (3/15)

Altars:
Gozag
Kikubaaqudgha
Ru
Trog
Wu Jian


Innate Abilities, Weirdness & Mutations

((You are partially covered in iridescent scales. (AC +2)))
You are slightly more attuned to the shadows.


Message History

You have reached level 5!
* * * LOW HITPOINT WARNING * * *
You feel sick.
It was a potion of flight.
You feel very buoyant.
You fly up into the air.
* * * LOW HITPOINT WARNING * * *
You feel sick.
It was a potion of resistance.
You feel protected.
* * * LOW HITPOINT WARNING * * *
You feel sick.
It was a potion of lignification.
You turn into a tree.
Your scarf of spirit shield melds into your body.
Your +0 helmet melds into your body.
Your +2 robe of the Archmagi melds into your body.
You feel strangely alone.
You feel strangely numb.
Your roots penetrate the ground.
There is a lethal amount of poison in your body!
You die...

#.#
##....##.
#.#
##...##.
#.#
#......
#.#
##..##.
###
#..##.
#..##.
#####
#..##.
#)).#
#.....
#.♣.#
##.##.
#...#
#.###
##'##
#....
♣.♣♣
#####
♣♣.♣ ♣.♣♣
#########
♣♣.♣
#.......#
♣♣.♣♣
#.#####.#
♣♣...♣
#.#
#.####


There were no monsters in sight!

Vanquished Creatures
  Crazy Yiuf (D:3)
  5 adders (D:2)
  2 worms (D:2)
  3 dart slugs (D:1)
  3 leopard geckos
  2 orcs (D:3)
  5 bats
  4 giant cockroaches
  5 goblins
  6 hobgoblins
  11 jackals
  A kobold (D:2)
  A quokka (D:3)
  2 ball pythons
  9 frilled lizards
  4 rats
64 creatures vanquished.

Notes
Turn   | Place    | Note
-------+----------+-------------------------------------------
     0 | D:1      | slep the Demonspawn Gladiator began the quest for the Orb.
     0 | D:1      | Reached XP level 1. HP: 16/16 MP: 1/1
   114 | D:1      | Gained mutation: You are partially covered in iridescent scales. (AC +2) [demonic ancestry]
   114 | D:1      | Reached XP level 2. HP: 15/22 MP: 2/2
   141 | D:1      | Reached skill level 3 in Axes
   398 | D:1      | Gained mutation: You are slightly more attuned to the shadows. [demonic ancestry]
   398 | D:1      | Reached XP level 3. HP: 18/27 MP: 3/3
   774 | D:2      | Reached XP level 4. HP: 23/34 MP: 4/4
   858 | D:2      | Found an ornate altar of the Wu Jian Council.
   860 | D:2      | Found a sacrificial altar of Ru.
   864 | D:2      | Found an opulent altar of Gozag.
   864 | D:2      | Found an ancient bone altar of Kikubaaqudgha.
   918 | D:2      | Reached skill level 4 in Axes
   918 | D:2      | Reached skill level 1 in Stealth
  1279 | D:3      | Found a bloodstained altar of Trog.
  1652 | D:3      | Found a runed door.
  1798 | D:3      | Noticed Crazy Yiuf
  1809 | D:3      | Killed Crazy Yiuf
  1809 | D:3      | Reached XP level 5. HP: 3/39 MP: 3/5
  1811 | D:3      | HP: 1/39 [poisoned by Crazy Yiuf]
  1813 | D:3      | Succumbed to Crazy Yiuf's poison

Vault maps used:
D:1:      scummos_arrival_checkerplants
D:2:      grunt_temple_overflow_open, kennysheep_potato
D:3:      bloody_trog, uniq_crazy_yiuf_cottage

Skill      XL: |  1  2  3  4 |
---------------+-------------+-----
Axes           | 3 4 |  4.2
Dodging        | 3 |  3.4
Stealth        | 1 |  1.5
Fighting       | |  2.6
Throwing       | |  1.8
Armour         | |  0.2

Action                   |  1- 3 |  4- 6 || total
-------------------------+-------+-------++-------
Melee: War axe           |    65 |       ||    65
       Hand axe          |    44 |    64 ||   108
  Use: Potion            |       |     3 ||     3
 Stab: Sleeping          |     4 |     8 ||    12
  Eat: Chunk             |       |     3 ||     3
Armor: Leather armour    |    17 |       ||    17
       Robe              |    26 |    15 ||    41
Dodge: Dodged            |    96 |    33 ||   129

Table legend:
 A = Spawn XP
 B = Non-spawn XP
 C = Spawn XP percentage of total XP
 D = Spawn monster count
 E = Non-spawn monster count
 F = Spawn count percentage of total count
 G = Total turns spent on level
                    A         B        C        D         E        F      G
               +---------+---------+-------+---------+---------+-------+---------
         Total |       0 |     224 |   0.0 |       0 |      64 |   0.0 |  1813
               +---------+---------+-------+---------+---------+-------+---------
           D:1 |       0 |      43 |   0.0 |       0 |      24 |   0.0 |   634
           D:2 |       0 |     109 |   0.0 |       0 |      24 |   0.0 |   484
           D:3 |       0 |      72 |   0.0 |       0 |      16 |   0.0 |   695
               +---------+---------+-------+---------+---------+-------+---------
